 Dungeon Crawl Stone Soup version 0.27-a0-1140-g099f9bb0e8 (webtiles) character file.

Game seed: 1265425208720206748

369 bilbop the Magician (level 6, 0/45 HPs)
             Began as a Djinni Air Elementalist on May 10, 2021.
             Slain by a bullfrog (3 damage)
             ... in a sewer.
             The game lasted 00:16:46 (5280 turns).

bilbop the Magician (Djinni Air Elementalist)       Turns: 5280, Time: 00:16:47

Health: 0/45       AC:  3    Str:  7    XL:     6   Next: 70%
Gold:   87         EV: 12    Int: 17    God:
                   SH:  0    Dex: 15

rFire    + + .     SeeInvis .   b - +0 dagger
rCold    x . .     Faith    .   (no shield)
rNeg     . . .     Spirit   .   a - +0 robe
rPois    ∞         Reflect  .   (no helmet)
rElec    .         Harm     .   (no cloak)
rCorr    .         Rampage  .   j - +0 pair of gloves
Will     .....                  (boots unavailable)
Stlth    ++........             (no amulet)
HPRegen  0.15/turn              (no ring)
MPRegen  0.00/turn              (no ring)

@: flying
A: sickness immunity, fire resistance 2, cold vulnerability 1, float, innate
caster, hp casting, extra vitality 1
a: no special abilities


You were in a sewer.
You visited 1 branch of the dungeon, and saw 4 of its levels.
You also visited: Sewer.

You collected 87 gold pieces.

Inventory:

Hand Weapons
 b - a +0 dagger (weapon)
Armour
 a - a +0 robe (worn)
 j - a +0 pair of gloves (worn)
Scrolls
 c - a scroll of teleportation {unknown}
 d - 2 scrolls of magic mapping {unknown}
 g - 2 scrolls of identify {unknown}
 k - a scroll of enchant armour {unknown}
Potions
 e - a potion of heal wounds {unknown}
 f - a potion of attraction {unknown}
 h - a potion of cancellation {unknown}
 i - a potion of flight {unknown}


   Skills:
 + Level 2.5 Fighting
 + Level 2.4 Long Blades
 - Level 2.1 Dodging
 + Level 3.0 Stealth
 * Level 4.4 Spellcasting


You couldn't memorise any spells.
You knew the following spells:

 Your Spells              Type           Power      Damage    Failure   Level
a - Shock                 Conj/Air       72%        1d7       2%          1
b - Static Discharge      Conj/Air       18%        N/A       3%          2
c - Swiftness             Air            18%        N/A       8%          3
d - Airstrike             Air            9%         N/A       24%         4
e - Lightning Bolt        Conj/Air       9%         1d21      56%         5
f - Summon Small Mammal   Summ           72%        N/A       2%          1
g - Poisonous Vapours     Pois/Air       36%        N/A       3%          2
Your spell library was empty.

Dungeon Overview and Level Annotations

Branches:
Dungeon (3/15)              Sewer (1/1)

Altars:
Sif Muna

Shops:
D:1 [


Innate Abilities, Weirdness & Mutations

You are immune to sickness and miasma.
You are immune to poison.
Your flesh is very heat resistant. (rF++)
You are vulnerable to cold. (rC-)
You float through the air rather than walking.
You learn spells naturally, not from books.
Your magical power is your life essence.
You have superior vitality. (+4 HP)


Message History

The bullfrog is heavily wounded.
The bullfrog is struck by an arc of lightning.
You kill the bullfrog!
The lightning grounds out.
The bullfrog hits you. x2
Your Stealth skill increases to level 3!
You are too injured to fight recklessly!
Casting: Static Discharge (safe; 3% risk of failure)
Confirm with . or Enter, or press ? or * to list all spells.
Aiming: Shock (safe; 2% risk of failure)
Press: ? - help, Shift-Dir - straight line, f - bullfrog
Aim: a bullfrog (moderately wounded, 64% to hit)
The zap hits the bullfrog.
The bullfrog is heavily wounded.
* * * LOW HITPOINT WARNING * * *
The bullfrog closely misses you.
You barely miss the bullfrog.
The bullfrog is heavily wounded.
The bullfrog barely misses you. The bullfrog hits you.
* * * LOW HITPOINT WARNING * * *
You closely miss the bullfrog.
The bullfrog is heavily wounded.
The bullfrog barely misses you. The bullfrog closely misses you.
Casting: Shock (safe; 2% risk of failure)
Confirm with . or Enter, or press ? or * to list all spells.
* * * LOW HITPOINT WARNING * * *
The bullfrog hits you.
* * * LOW HITPOINT WARNING * * *
Casting: Summon Small Mammal (safe; 2% risk of failure)
Confirm with . or Enter, or press ? or * to list all spells.
Okay, then.
The bullfrog hits you but does no damage.
Your quokka bites the bullfrog.
You barely miss the bullfrog.
The bullfrog is almost dead.
The bullfrog hits you.
* * * LOW HITPOINT WARNING * * *
Your quokka misses the bullfrog. The bullfrog hits you.
You die...

##≈≈#≈≈≈≈≈#####..≈≈##
####≈≈.#######≈∩≈#.≈.≈≈≈
##.≈≈≈...#..≈≈≈≈≈≈####≈.≈
##.≈≈≈#≈≈##≈..≈≈≈≈≈.≈≈###≈
#≈≈≈.##≈≈#.≈#######≈≈≈≈.##
##≈.≈##≈≈##≈≈#≈≈≈≈≈###≈≈≈.#
#≈≈≈≈#≈≈≈#≈†.†≈≈.≈≈≈ ##≈≈..
##.≈≈##≈.†#≈≈≈.†≈..≈≈ ##≈≈≈
#.≈≈≈#.≈≈≈#@≈≈≈$≈†≈≈≈ #.≈≈
#∩..≈#≈≈≈.#.Fr$?..≈≈≈ #≈†.
#....#≈≈≈≈#≈≈≈../?..† #†≈.
##.≈≈##≈≈.##≈≈≈..≈≈≈≈ ##≈≈≈
#.≈≈≈#≈≈≈≈##≈≈≈≈≈≈≈≈ ##≈≈≈≈
##≈≈†##≈≈≈≈###≈≈≈≈≈###≈≈≈≈#
#≈≈≈≈##≈≈≈≈≈#######.≈≈≈.##
##≈≈≈†###.≈≈≈.≈≈≈≈†≈.≈###≈
##.≈≈.≈####≈≈.≈≈≈≈####≈≈≈


You could see a bullfrog (ally target) and a friendly quokka (summoned).

Vanquished Creatures
  A bullfrog (Sewer)
  An orc priest (D:3)
  A hound (D:4)
  An orc wizard (D:3)
  9 adders
  An adder skeleton (D:4)
  A worm (D:4)
  2 dart slugs
  4 orcs
  18 endoplasms
  9 giant cockroaches
  6 goblins
  4 hobgoblins (D:1)
  7 jackals (D:2)
  8 kobolds
  11 quokkas
  14 ball pythons
  13 bats
  6 frilled lizards
  8 rats
125 creatures vanquished.

Vanquished Creatures (collateral kills)
  A giant cockroach (D:4)
  2 rats (D:4)
3 creatures vanquished.

Vanquished Creatures (others)
  21 plants (D:3)
21 creatures vanquished.

Grand Total: 149 creatures vanquished

Notes
Turn   | Place    | Note
-------+----------+-------------------------------------------
     0 | D:1      | bilbop the Djinni Air Elementalist began the quest for the
                  | Orb.
     0 | D:1      | Reached XP level 1. HP: 15/15 MP: 0/0
   169 | D:1      | Found a faded altar of an unknown god.
   473 | D:1      | Reached XP level 2. HP: 4/22 MP: 0/0
  1018 | D:1      | Reached skill level 3 in Spellcasting
  1125 | D:1      | Found Pityl's Armour Shoppe.
  1154 | D:1      | Reached XP level 3. HP: 21/26 MP: 0/0
  1154 | D:1      | Learned a level 1 spell: Summon Small Mammal
  1361 | D:1      | Reached skill level 1 in Fighting
  1836 | D:2      | Reached skill level 1 in Long Blades
  2214 | D:2      | Reached XP level 4. HP: 31/32 MP: 0/0
  3545 | D:3      | Reached XP level 5. HP: 22/38 MP: 0/0
  3545 | D:3      | Learned a level 2 spell: Poisonous Vapours
  3977 | D:3      | You are sucked into a shaft and drop 1 floor!
  4289 | D:4      | Found a glowing drain.
  4298 | D:4      | Reached skill level 4 in Spellcasting
  4322 | Sewer    | Entered a sewer
  4607 | Sewer    | Reached XP level 6. HP: 40/43 MP: 0/0
  5280 | Sewer    | Slain by a bullfrog

Illustrated notes

Levels and vault maps discovered:
D:1:      minmay_arrival_arboretum_large, layout_loops_ring, serial_shops,
          shop_fountains, hellmonk_ecumenical_altar_zigzags
D:2:      layout_rooms, minmay_tripent
D:3:      cheibrodos_helix_gallery, layout_basic, nicolae_sif_muna_condensation,
          serial_shops, nicolae_shop_crystal, serial_bayou,
          serial_bayou_crossing, serial_bayou_lake_a, serial_bayou_lagoon_b,
          serial_bayou_pond_d
D:4:      layout_basic, tso_metal_star, minmay_temple_entry_tees,
          portal_sewer_entry_a
Sewer:    sewer_frog_island_02

Skill      XL: |  1  2  3  4  5  6 |
---------------+-------------------+-----
Spellcasting   | 3 4 |  4.4
Fighting       | 1 2 |  2.5
Stealth        | 2 3 |  3.0
Long Blades    | 1 2 |  2.4
Dodging        | |  2.1

Action                   |  1- 3 |  4- 6 || total
-------------------------+-------+-------++-------
Melee: Dagger            |       |     3 ||     3
 Cast: Shock             |    95 |   157 ||   252
       Static Discharge  |       |    12 ||    12
       Summon Small Mamm |       |     3 ||     3
       Airstrike         |       |     1 ||     1
       Poisonous Vapours |       |     2 ||     2
Armor: Robe              |     5 |    13 ||    18
Dodge: Dodged            |     9 |    18 ||    27

Table legend: (Time is in decaauts)
 A = Elapsed time spent in this place.
 B = Non-inter-level travel time spent in this place.
 C = Inter-level travel time spent in this place.
 D = Time resting spent in this place.
 E = Time spent auto-exploring this place.
 F = Levels seen in this place.
 G = Mean time per level.
                   A        B        C        D        E       F      G
               +--------+--------+--------+--------+--------+-----+--------+
         Total |   5279 |   5192 |     87 |   1561 |   3176 |   5 | 1055.8 |
       Dungeon |   4321 |   4234 |     87 |   1422 |   2499 |   4 | 1080.2 |
         Sewer |    957 |    957 |      0 |    139 |    677 |   1 |  957.0 |
               +--------+--------+--------+--------+--------+-----+--------+

Top non-repeatable levels by time:
     D:1: 1680 daAuts
     D:2: 1184 daAuts
     D:3: 1112 daAuts
   Sewer: 957 daAuts
     D:4: 344 daAuts
